General information
- name: BNet
- type: Ladder team game (AT/RT)
- host: Battle.net
- saver: BEAR_AND
map: Highperch
- players: 6
- length: 54:43
- speed: Fast
- version: 1.21 W3XP
- replay type:

» download(304 KB)
Players
team 1 (winner)
BEAR_AND (
teal | 64 APM | 3509 actions | 54:43)
4 Warden
2 Shadow Strike
2 Blink
» actions
| Assign group hotkey | 15 | |
| Basic commands | 33 | |
| Build / train | 115 | |
| Enter build submenu | 29 | |
| Enter hero's abilities submenu | 4 | |
| Give item / drop item | 2 | |
| Remove unit from queue | 5 | |
| Right click | 1945 | |
| Select / deselect | 494 | |
| Select group hotkey | 693 | |
| Use ability | 173 | |
3509 total
» units
| Wisp | 26 | |
| Druid of the Talon | 51 | |
77 total
» upgrades
| Ultravision | 1 | |
| Druid of the Talon Training | 2 | |
| Strength of the Wild | 3 | |
| Reinforced Hides | 3 | |
| Well Spring | 1 | |
| Mark of the Talon | 1 | |
| Nature's Blessing | 2 | |
13 total
» buildings
| Altar of Elders | 2 | |
| Moon Well | 18 | |
| Tree of Life | 3 | |
| Tree of Ages | 1 | |
| Ancient of Wonders | 1 | |
| Hunter's Hall | 1 | |
| Tree of Eternity | 1 | |
| Ancient of Wind | 2 | |
29 total
» build order
00:36 Altar of Elders
00:43 Moon Well
01:30 Moon Well
05:20 Tree of Life
05:24 Tree of Life
05:40 Tree of Life
05:54 Tree of Ages
06:00 Ancient of Wonders
07:44 Hunter's Hall
09:47 Tree of Eternity
09:58 Ancient of Wind
10:57 Moon Well
10:58 Moon Well
10:59 Moon Well
15:07 Moon Well
15:08 Moon Well
18:04 Moon Well
18:04 Moon Well
18:05 Moon Well
18:07 Moon Well
20:17 Moon Well
20:19 Moon Well
34:30 Ancient of Wind
35:52 Moon Well
35:53 Moon Well
35:55 Moon Well
38:02 Moon Well
46:28 Altar of Elders
47:37 Moon Well
» items
| Lesser Clarity Potion | 4 | |
| Healing Salve | 2 | |
| Boots of Speed | 1 | |
| Orb of Venom | 1 | |
| Staff of Teleportation | 1 | |
| Scroll of Town Portal | 1 | |
| Tiny Great Hall | 1 | |
11 total
dirtmcwordup (
yellow | 46 APM | 2523 actions | 54:42)
4 Archmage
2 Blizzard
1 Brilliance Aura
1 Summon Water Elemental
4 Mountain King
2 Storm Bolt
2 Bash
» actions
| Assign group hotkey | 24 | |
| Basic commands | 108 | |
| Build / train | 118 | |
| ESC pressed | 3 | |
| Enter build submenu | 88 | |
| Enter hero's abilities submenu | 8 | |
| Give item / drop item | 3 | |
| Right click | 822 | |
| Select / deselect | 462 | |
| Select group hotkey | 569 | |
| Use ability | 318 | |
2523 total
» units
| Peasant | 14 | |
| Dragonhawk Rider | 18 | |
| Priest | 1 | |
| Sorceress | 2 | |
35 total
» upgrades
| Masonry | 3 | |
| Magic Sentry | 1 | |
| Armor | 3 | |
| Swords | 3 | |
| Animal War Training | 1 | |
| Priest Training | 2 | |
| Cloud | 1 | |
| Sorceress Training | 2 | |
16 total
» buildings
| Altar of Kings | 1 | |
| Lumber Mill | 2 | |
| Farm | 13 | |
| Scout Tower | 126 | |
| Arcane Tower | 1 | |
| Guard Tower | 44 | |
| Town Hall | 1 | |
| Keep | 1 | |
| Arcane Sanctum | 1 | |
| Blacksmith | 1 | |
| Arcane Vault | 1 | |
| Gryphon Aviary | 2 | |
| Castle | 1 | |
| Barracks | 1 | |
196 total
» build order
00:14 Altar of Kings
00:19 Lumber Mill
00:34 Farm
01:22 Scout Tower
01:58 Arcane Tower
01:59 Scout Tower
02:01 Scout Tower
02:34 Guard Tower
02:35 Scout Tower
02:39 Scout Tower
02:40 Scout Tower
02:41 Scout Tower
02:45 Scout Tower
04:05 Farm
04:08 Farm
04:11 Guard Tower
04:13 Scout Tower
04:14 Scout Tower
04:15 Scout Tower
04:56 Scout Tower
04:57 Scout Tower
04:59 Guard Tower
05:07 Scout Tower
05:09 Scout Tower
05:14 Scout Tower
05:15 Scout Tower
05:16 Scout Tower
05:17 Scout Tower
05:19 Guard Tower
05:27 Guard Tower
05:58 Guard Tower
06:03 Guard Tower
06:08 Scout Tower
06:09 Scout Tower
06:14 Scout Tower
06:15 Scout Tower
06:16 Scout Tower
06:17 Scout Tower
06:17 Scout Tower
06:19 Scout Tower
06:46 Guard Tower
07:23 Town Hall
07:31 Scout Tower
07:33 Scout Tower
07:33 Scout Tower
07:34 Scout Tower
07:45 Guard Tower
08:00 Guard Tower
08:39 Keep
08:53 Guard Tower
08:54 Guard Tower
08:57 Guard Tower
09:26 Guard Tower
09:32 Scout Tower
09:33 Scout Tower
09:33 Scout Tower
09:37 Scout Tower
09:43 Scout Tower
09:45 Scout Tower
09:46 Scout Tower
09:47 Scout Tower
09:49 Scout Tower
09:50 Scout Tower
09:50 Scout Tower
09:52 Scout Tower
09:54 Scout Tower
09:55 Scout Tower
09:55 Scout Tower
09:57 Scout Tower
09:59 Scout Tower
10:00 Scout Tower
10:01 Scout Tower
10:06 Guard Tower
10:43 Guard Tower
10:47 Scout Tower
10:48 Scout Tower
10:49 Scout Tower
10:50 Scout Tower
10:51 Scout Tower
10:53 Scout Tower
11:03 Arcane Sanctum
11:05 Scout Tower
11:06 Scout Tower
11:07 Scout Tower
11:07 Scout Tower
11:09 Scout Tower
11:09 Scout Tower
11:36 Blacksmith
11:48 Guard Tower
11:51 Arcane Vault
12:15 Gryphon Aviary
12:18 Gryphon Aviary
12:20 Guard Tower
13:34 Guard Tower
13:49 Guard Tower
14:09 Scout Tower
14:11 Scout Tower
14:12 Scout Tower
14:14 Scout Tower
14:19 Scout Tower
14:20 Scout Tower
14:28 Scout Tower
14:29 Scout Tower
14:30 Scout Tower
14:44 Scout Tower
14:45 Scout Tower
14:52 Scout Tower
14:55 Scout Tower
14:59 Scout Tower
15:01 Scout Tower
15:03 Scout Tower
15:04 Scout Tower
16:54 Guard Tower
18:24 Farm
18:26 Farm
18:28 Farm
18:29 Farm
18:30 Castle
19:16 Guard Tower
20:22 Barracks
26:12 Farm
26:13 Farm
26:14 Farm
26:15 Farm
26:15 Farm
26:16 Farm
35:33 Scout Tower
35:35 Scout Tower
35:38 Scout Tower
35:44 Scout Tower
35:47 Scout Tower
36:06 Guard Tower
36:07 Guard Tower
36:13 Scout Tower
36:14 Scout Tower
36:16 Guard Tower
36:18 Scout Tower
36:22 Scout Tower
36:23 Scout Tower
36:41 Scout Tower
36:42 Scout Tower
36:43 Scout Tower
36:45 Scout Tower
36:46 Guard Tower
36:49 Guard Tower
36:54 Scout Tower
38:17 Guard Tower
38:20 Scout Tower
38:21 Scout Tower
38:23 Scout Tower
38:24 Scout Tower
38:28 Scout Tower
38:35 Scout Tower
38:47 Guard Tower
38:49 Guard Tower
38:51 Guard Tower
38:53 Scout Tower
38:55 Scout Tower
38:59 Scout Tower
39:01 Scout Tower
39:34 Guard Tower
39:42 Guard Tower
39:48 Lumber Mill
39:54 Scout Tower
39:55 Scout Tower
39:58 Scout Tower
40:01 Guard Tower
40:08 Guard Tower
40:10 Scout Tower
40:12 Scout Tower
41:01 Scout Tower
41:05 Scout Tower
41:09 Scout Tower
41:11 Scout Tower
41:15 Scout Tower
41:15 Scout Tower
41:20 Guard Tower
41:22 Scout Tower
41:23 Scout Tower
41:29 Scout Tower
41:29 Scout Tower
41:30 Scout Tower
41:40 Scout Tower
41:41 Scout Tower
41:43 Scout Tower
41:43 Scout Tower
41:53 Guard Tower
42:02 Guard Tower
42:25 Guard Tower
43:11 Guard Tower
43:16 Scout Tower
43:17 Scout Tower
43:22 Guard Tower
43:43 Guard Tower
43:45 Guard Tower
» items
| Staff of Teleportation | 2 | |
| Boots of Speed | 2 | |
| Orb of Lightning | 2 | |
| Staff of Preservation | 2 | |
| Staff of Sanctuary | 2 | |
10 total
evil_pengoon (
red | 63 APM | 3471 actions | 54:42)
7 Blademaster
2 Wind Walk
3 Critical Strike
1 Bladestorm
1 Mirror Image
» actions
| Assign group hotkey | 3 | |
| Basic commands | 67 | |
| Build / train | 56 | |
| Enter build submenu | 55 | |
| Enter hero's abilities submenu | 7 | |
| Give item / drop item | 5 | |
| Remove unit from queue | 1 | |
| Right click | 1798 | |
| Select / deselect | 453 | |
| Select group hotkey | 802 | |
| Use ability | 224 | |
3471 total
» units
» upgrades
| Spiked Barricades | 3 | |
| Armor | 2 | |
| Reinforced Defenses | 1 | |
| Liquid Fire | 1 | |
| Ranged Weapons | 3 | |
10 total
» buildings
| Altar of Storms | 2 | |
| Orc Burrow | 9 | |
| War Mill | 1 | |
| Voodoo Lounge | 1 | |
| Watch Tower | 55 | |
| Stronghold | 1 | |
| Fortress | 1 | |
| Beastiary | 2 | |
72 total
» build order
00:09 Altar of Storms
00:13 Orc Burrow
01:06 War Mill
01:26 Voodoo Lounge
01:42 Orc Burrow
02:22 Watch Tower
02:24 Watch Tower
02:55 Watch Tower
03:48 Watch Tower
03:51 Watch Tower
03:54 Watch Tower
04:44 Stronghold
04:56 Watch Tower
04:59 Watch Tower
05:05 Watch Tower
06:02 Watch Tower
06:06 Watch Tower
06:09 Watch Tower
07:17 Watch Tower
07:19 Watch Tower
07:23 Watch Tower
07:33 Fortress
09:20 Watch Tower
09:23 Watch Tower
09:36 Watch Tower
10:47 Watch Tower
10:52 Watch Tower
10:54 Watch Tower
11:32 Watch Tower
11:44 Watch Tower
12:01 Watch Tower
12:12 Watch Tower
12:19 Watch Tower
12:21 Watch Tower
12:28 Watch Tower
13:14 Beastiary
13:18 Beastiary
13:21 Orc Burrow
13:30 Watch Tower
13:31 Watch Tower
13:33 Watch Tower
13:34 Watch Tower
13:39 Watch Tower
13:45 Watch Tower
13:48 Watch Tower
13:49 Watch Tower
13:51 Watch Tower
13:52 Watch Tower
13:53 Watch Tower
14:18 Orc Burrow
16:51 Watch Tower
16:56 Watch Tower
17:48 Watch Tower
17:49 Watch Tower
18:17 Orc Burrow
19:30 Watch Tower
19:42 Watch Tower
19:43 Watch Tower
19:43 Watch Tower
19:45 Watch Tower
19:46 Watch Tower
19:47 Watch Tower
21:50 Watch Tower
22:21 Watch Tower
22:25 Watch Tower
22:28 Watch Tower
23:28 Watch Tower
37:39 Orc Burrow
37:42 Orc Burrow
37:48 Orc Burrow
40:34 Altar of Storms
41:23 Orc Burrow
» items
| Healing Salve | 3 | |
| Lesser Clarity Potion | 4 | |
| Circlet of Nobility | 1 | |
| Boots of Speed | 1 | |
| Staff of Teleportation | 1 | |
| Potion of Healing | 1 | |
| Orb of Lightning | 1 | |
| Scroll of Town Portal | 2 | |
14 total
team 2 (loser)
Drakon_fx (
purple | 31 APM | 1701 actions | 54:41)
4 Mountain King
2 Storm Bolt
2 Bash
3 Paladin
1 Holy Light
2 Divine Shield
» actions
| Assign group hotkey | 23 | |
| Basic commands | 44 | |
| Build / train | 88 | |
| Enter build submenu | 56 | |
| Enter hero's abilities submenu | 7 | |
| Right click | 503 | |
| Select / deselect | 443 | |
| Select group hotkey | 422 | |
| Use ability | 115 | |
1701 total
» units
| Peasant | 17 | |
| Footman | 11 | |
| Knight | 3 | |
| Dragonhawk Rider | 12 | |
43 total
» upgrades
| Defend | 1 | |
| Lumber Harvesting | 1 | |
| Masonry | 1 | |
| Magic Sentry | 1 | |
| Cloud | 1 | |
5 total
» buildings
| Altar of Kings | 1 | |
| Farm | 10 | |
| Barracks | 2 | |
| Arcane Vault | 1 | |
| Scout Tower | 30 | |
| Lumber Mill | 1 | |
| Arcane Tower | 3 | |
| Guard Tower | 25 | |
| Keep | 1 | |
| Blacksmith | 1 | |
| Castle | 1 | |
| Arcane Sanctum | 1 | |
| Gryphon Aviary | 2 | |
79 total
» build order
00:16 Altar of Kings
00:22 Farm
00:27 Barracks
01:01 Farm
01:39 Farm
02:24 Farm
02:53 Arcane Vault
03:59 Barracks
04:07 Farm
04:44 Scout Tower
04:54 Lumber Mill
05:18 Arcane Tower
05:22 Scout Tower
06:07 Guard Tower
06:09 Scout Tower
06:11 Keep
06:37 Farm
07:03 Guard Tower
08:03 Blacksmith
08:33 Scout Tower
08:41 Scout Tower
09:18 Scout Tower
09:20 Guard Tower
09:27 Guard Tower
09:28 Scout Tower
09:53 Scout Tower
09:55 Guard Tower
09:57 Scout Tower
09:59 Guard Tower
10:33 Scout Tower
10:35 Guard Tower
10:46 Scout Tower
10:47 Guard Tower
11:19 Scout Tower
11:21 Scout Tower
11:23 Guard Tower
11:35 Castle
11:51 Scout Tower
11:53 Guard Tower
12:05 Scout Tower
12:06 Guard Tower
13:12 Guard Tower
13:13 Scout Tower
13:21 Scout Tower
13:22 Guard Tower
13:48 Guard Tower
13:50 Scout Tower
13:52 Scout Tower
13:53 Guard Tower
14:19 Scout Tower
14:20 Guard Tower
14:29 Guard Tower
14:31 Scout Tower
14:47 Guard Tower
14:48 Scout Tower
15:08 Scout Tower
15:09 Guard Tower
15:16 Scout Tower
15:17 Guard Tower
16:10 Guard Tower
16:28 Scout Tower
16:32 Guard Tower
16:35 Arcane Sanctum
16:57 Guard Tower
17:21 Scout Tower
17:36 Farm
17:49 Arcane Tower
17:52 Scout Tower
18:11 Scout Tower
19:12 Guard Tower
19:51 Gryphon Aviary
19:57 Gryphon Aviary
20:52 Scout Tower
21:28 Scout Tower
21:31 Arcane Tower
21:58 Guard Tower
22:37 Farm
23:33 Farm
24:13 Farm
» items
Hammer_fx (
pink | 52 APM | 2825 actions | 54:28)
3 Death Knight
2 Death Coil
1 Unholy Aura
3 Lich
2 Frost Nova
1 Dark Ritual
» actions
| Assign group hotkey | 71 | |
| Basic commands | 135 | |
| Build / train | 98 | |
| ESC pressed | 5 | |
| Enter build submenu | 24 | |
| Enter hero's abilities submenu | 7 | |
| Right click | 1170 | |
| Select / deselect | 659 | |
| Select group hotkey | 560 | |
| Use ability | 96 | |
2825 total
» units
| Acolyte | 16 | |
| Ghoul | 5 | |
| Crypt Fiend | 11 | |
| Obsidian Statue | 2 | |
| Gargoyle | 38 | |
72 total
» upgrades
| Creature Attack | 1 | |
| Burrow | 1 | |
| Web | 1 | |
| Unholy Armor | 2 | |
| Stone Form | 1 | |
6 total
» buildings
| Ziggurat | 10 | |
| Crypt | 3 | |
| Altar of Darkness | 1 | |
| Graveyard | 1 | |
| Tomb of Relics | 1 | |
| Nerubian Tower | 1 | |
| Halls of the Dead | 1 | |
| Slaughterhouse | 1 | |
| Black Citadel | 2 | |
21 total
» build order
00:07 Ziggurat
00:08 Crypt
00:10 Ziggurat
00:26 Altar of Darkness
01:01 Graveyard
01:37 Tomb of Relics
01:50 Ziggurat
03:28 Nerubian Tower
05:45 Halls of the Dead
06:19 Ziggurat
07:39 Ziggurat
08:42 Slaughterhouse
12:10 Black Citadel
13:49 Black Citadel
13:58 Ziggurat
14:24 Crypt
14:45 Ziggurat
14:47 Ziggurat
15:19 Ziggurat
17:05 Crypt
17:30 Ziggurat
» items
| Rod of Necromancy | 1 | |
| Dust of Appearance | 5 | |
| Potion of Healing | 1 | |
| Boots of Speed | 1 | |
8 total
leak (
orange | 59 APM | 3219 actions | 54:23)
5 Warden
2 Shadow Strike
2 Fan of Knives
1 Blink
4 Naga Sea Witch
2 Forked Lightning
2 Frost Arrows
» actions
| Assign group hotkey | 46 | |
| Basic commands | 13 | |
| Build / train | 91 | |
| ESC pressed | 1 | |
| Enter build submenu | 25 | |
| Enter hero's abilities submenu | 9 | |
| Give item / drop item | 5 | |
| Remove unit from queue | 3 | |
| Right click | 1797 | |
| Select / deselect | 573 | |
| Select group hotkey | 515 | |
| Use ability | 141 | |
3219 total
» units
| Wisp | 23 | |
| Archer | 7 | |
| Mountain Giant | 3 | |
| Razormane Medicine Man | 2 | |
| Chimaera | 9 | |
44 total
» upgrades
| Ultravision | 1 | |
| Improved Bows | 1 | |
| Strength of the Wild | 3 | |
| Reinforced Hides | 2 | |
| Corrosive Breath | 1 | |
| Well Spring | 1 | |
9 total
» buildings
| Altar of Elders | 1 | |
| Moon Well | 8 | |
| Ancient of War | 1 | |
| Ancient of Wonders | 2 | |
| Tree of Ages | 2 | |
| Hunter's Hall | 3 | |
| Ancient of Lore | 2 | |
| Tree of Life | 1 | |
| Tree of Eternity | 1 | |
| Ancient of Wind | 1 | |
| Chimaera Roost | 4 | |
26 total
» build order
00:12 Altar of Elders
00:14 Moon Well
00:38 Ancient of War
01:42 Moon Well
02:22 Ancient of Wonders
02:34 Tree of Ages
02:34 Tree of Ages
03:03 Hunter's Hall
03:19 Hunter's Hall
03:22 Hunter's Hall
04:50 Moon Well
04:58 Ancient of Lore
05:09 Ancient of Lore
06:47 Moon Well
06:59 Tree of Life
09:27 Tree of Eternity
11:52 Ancient of Wind
13:21 Chimaera Roost
13:22 Chimaera Roost
13:23 Chimaera Roost
13:32 Moon Well
13:44 Moon Well
13:59 Chimaera Roost
14:45 Moon Well
16:39 Moon Well
32:41 Ancient of Wonders
» items
| Lesser Clarity Potion | 3 | |
| Dust of Appearance | 5 | |
| Scroll of Town Portal | 1 | |
| Moonstone | 1 | |
| Scroll of Protection | 5 | |
| Scroll of Healing | 2 | |
| Anti-magic Potion | 1 | |
| Potion of Healing | 1 | |
| Potion of Lesser Invulnerability | 1 | |
| Staff of Teleportation | 1 | |
21 total
Chat log
(00:09 / All) dirtmcwordup: dank nugs!!!!!!!!
(00:20 / All) leak: shut up high school kid
(00:28 / All) leak: dont take weed
(00:33 / All) leak: its bad for your spleen
(00:43 / All) dirtmcwordup: Weed is da best u know shit cheaaaaaaa
(00:45 / All) leak: im worrying about you on that weed
(00:54 / All) leak: you gotta lay off that weed
(00:58 / All) BEAR_AND: Hush
(01:01 / All) BEAR_AND: Hush & Rush
(01:03 / All) leak: ZOMG
(01:05 / All) dirtmcwordup: just hush urself byo.
(01:06 / All) dirtmcwordup: boy
(01:14 / All) dirtmcwordup: back in teh day u lick my boot clena
(01:27 / All) leak: what day was that
(01:30 / All) leak: homotron
(01:38 / All) dirtmcwordup: i step on dog shit then i say BOY LICK MY BOOT TILL I SEE UR NEGRO FACE REflection.
(01:43 / All) leak: ok
(01:47 / All) leak: youre embarassing yourself
(01:51 / All) evil_pengoon: yo
(01:52 / All) BEAR_AND: u got anus so loose, could make a belt w/ it
(01:56 / All) dirtmcwordup: shut the fuck Up when your adressing an Elder thank's
(01:56 / All) evil_pengoon: he said rap attack man
(01:59 / All) leak: squelch
(01:59 / All) evil_pengoon: no heart attack
(02:01 / All) leak: kthx
(02:02 / Allies) BEAR_AND: good
(02:04 / All) BEAR_AND: good
(02:04 / All) leak: shdajgadgwea
(02:05 / All) BEAR_AND: squelch
(02:07 / All) BEAR_AND: bwahahhahahah i win
(02:16 / All) dirtmcwordup: squelch and felch!!!! owned!!!
(03:07 / Allies) dirtmcwordup: wispes
(06:46 / All) BEAR_AND: good one
(07:13 / Allies) dirtmcwordup: lum
(07:14 / Allies) dirtmcwordup: lum
(07:14 / Allies) dirtmcwordup: lum
(07:15 / Allies) dirtmcwordup: lum
(07:16 / Allies) dirtmcwordup: lum
(08:21 / All) leak: wow so gay
(08:25 / All) BEAR_AND: Bwahhahahah
(11:40 / All) dirtmcwordup: brb pizza
(11:44 / All) dirtmcwordup: ty
(11:56 / All) dirtmcwordup: plz brb
(11:59 / All) dirtmcwordup: stoppe!!!
(12:02 / All) dirtmcwordup: u guys...
(12:39 / All) BEAR_AND: lmao
(15:16 / Allies) dirtmcwordup: lum
(23:06 / All) leak: b
(23:08 / All) BEAR_AND: b
(23:09 / All) BEAR_AND: lmao
(25:11 / All) leak: !
(25:11 / All) leak: !
(25:11 / All) leak: sf
(25:15 / All) BEAR_AND: lmao
(29:23 / All) BEAR_AND: dman give me gold
(29:52 / All) BEAR_AND: danny
(29:53 / All) BEAR_AND: gold
(30:05 / All) Drakon_fx: no danny
(31:41 / Allies) dirtmcwordup: have a littel patients
(37:31 / All) leak: you guys are outrageously gay
(42:59 / Allies) BEAR_AND: alien skull
(48:49 / All) Hammer_fx: waht a fagg strat
(49:04 / All) Hammer_fx: do u really always play like this???
(49:07 / All) BEAR_AND: yes
(49:18 / All) Hammer_fx: this is extremly boring comon
(49:23 / All) Drakon_fx: what a fag
(49:24 / All) Hammer_fx: change that shit
(49:37 / All) Hammer_fx: =)
(49:48 / All) BEAR_AND: http://tinyurl.com/2yaxtr
(49:51 / All) BEAR_AND: join teh list
(49:59 / All) Hammer_fx: waht for??
(50:00 / All) Drakon_fx: the list of what?
(50:03 / All) BEAR_AND: LOOK!!!!!
(50:10 / All) Drakon_fx: nah boring
(50:11 / All) Hammer_fx: tell us
(50:15 / All) BEAR_AND: list of my games by length
(50:35 / All) Drakon_fx: boring!!!
(50:39 / All) BEAR_AND: bwahahahahha
(50:41 / All) BEAR_AND: pwned
(50:50 / All) Drakon_fx: yeah w/e
(51:44 / All) Hammer_fx: me too
(51:52 / All) Hammer_fx: till dawn
(52:16 / Allies) dirtmcwordup: go 2 bed sweetie.
(52:42 / All) Hammer_fx: can u leave???
(53:21 / All) Hammer_fx: plz plz leave
(53:24 / All) BEAR_AND: nah
(53:27 / All) BEAR_AND: lmao hahahhahah lol
(54:04 / All) Hammer_fx: comon
(54:06 / All) BEAR_AND: comon
(54:07 / All) Hammer_fx: leave plz
(54:33 / All) Drakon_fx: ...